 Dungeon Crawl Stone Soup version 0.28-a0-479-g5baa6b7 (webtiles) character file.

Game seed: 16171925065270931517

5 Illumine the Firebug (level 1, 0/13 HPs)
             Began as a Deep Elf Cinder Acolyte on Sept 17, 2021.
             Was a High Priest of Ignis.
             Slain by a hobgoblin (3 damage)
             ... on level 1 of the Dungeon.
             The game lasted 00:00:47 (531 turns).

Illumine the Firebug (Deep Elf Cinder Acolyte)       Turns: 531, Time: 00:00:47

Health: 0/13       AC:  2    Str: 11    XL:     1   Next: 66%
Magic:  5/5        EV: 11    Int: 18    God:    Ignis [*****.]
Gold:   8          SH:  0    Dex: 10    Spells: 3/3 levels left

rFire   + + .      SeeInvis .   a - -1 short sword (flame)
rCold   + . .      Faith    .   (no shield)
rNeg    . . .      Spirit   .   b - +0 robe
rPois   .          Reflect  .   (no helmet)
rElec   .          Harm     .   d - scarf {rC+ rF+}
rCorr   .          Rampage  .   (no gloves)
Will    .....                   (no boots)
Stlth   +.........              (no amulet)
HPRegen 0.04/turn               (no ring)
MPRegen 0.09/turn               (no ring)

@: no status effects
A: no striking features
a: Renounce Religion, Sea of Fire, Foxfire Swarm, Rising Flame


You were on level 1 of the Dungeon.
You worshipped Ignis.
Ignis was extremely pleased with you.
You visited 1 branch of the dungeon, and saw 1 of its levels.

You collected 8 gold pieces.

Inventory:

Hand Weapons
 a - a -1 short sword of flaming (weapon)
Armour
 b - a +0 robe (worn)
 c - a +0 buckler
 d - a scarf of resistance (worn)


   Skills:
 + Level 2.5 Fighting
 - Level 3.0 Short Blades
 + Level 1.9 Spellcasting
 + Level 3.4 Fire Magic


You had 3 spell levels left.
You didn't know any spells.
Your spell library contained the following spells:

 Spells                   Type           Power      Damage    Failure   Level
 Scorch                   Fire           28%        2d6       7%          2


Dungeon Overview and Level Annotations

Branches:
Dungeon (1/15)

Altars:


Message History

You see here a +0 buckler.
c - a +0 buckler You see here a scarf of resistance.
d - a scarf of resistance You start putting on your armour.
You continue putting on your scarf of resistance. x4
You finish putting on your scarf of resistance.
You feel resistant to extremes of temperature.
A hobgoblin comes into view.
You closely miss the hobgoblin.
The hobgoblin hits you but does no damage.
You hit the hobgoblin. You burn the hobgoblin.
The hobgoblin is moderately wounded.
The hobgoblin hits you but does no damage.
You hit the hobgoblin. You burn the hobgoblin.
The hobgoblin is almost dead.
The hobgoblin hits you.
You hit the hobgoblin. You burn the hobgoblin.
You kill the hobgoblin!
You start resting.
HP restored.
Found an escape hatch in the floor.
There is an escape hatch in the floor here.
A hobgoblin comes into view.
The hobgoblin shouts!
A dart slug comes into view.
You hit the hobgoblin. You burn the hobgoblin.
The hobgoblin is severely wounded.
The hobgoblin hits you.
You closely miss the hobgoblin.
The hobgoblin is severely wounded.
The hobgoblin hits you.
You hit the hobgoblin but do no damage.
The hobgoblin is severely wounded.
The hobgoblin hits you.
* * * LOW HITPOINT WARNING * * *
Flames leap up around you!
The foxfire hits the dart slug.
The dart slug is heavily wounded.
The hobgoblin hits you.
You die...

#.##.#..####.#
#.......
#............#
#######.
#.......######
#. #.##.##.###
#####.
#.......>.#
#.....
#....##.#.#
#.#...
#....##v#.#
#...##
#....vvv#.#
#...#
#....vv@#.#
#...##
##..##vg#.#
#..... #.


.vvwv.# ##.##. # ###.#.#. #.... #. .. ####. #. ... #.. #. ... #.. ## .... ###..
...... You could see a dart slug and a hobgoblin (ally target).

Vanquished Creatures
  A giant cockroach (D:1)
  2 hobgoblins (D:1)
  A ball python (D:1)
  A rat (D:1)
5 creatures vanquished.

Vanquished Creatures (others)
  15 foxfires (D:1)
15 creatures vanquished.

Grand Total: 20 creatures vanquished

Notes
Turn   | Place    | Note
-------+----------+-------------------------------------------
     0 | D:1      | Illumine the Deep Elf Cinder Acolyte began the quest for
                  | the Orb.
     0 | D:1      | Reached XP level 1. HP: 13/13 MP: 5/5
   531 | D:1      | Slain by a hobgoblin

Illustrated notes

Levels and vault maps discovered:
D:1:      dpeg_arrival_orchard, layout_loops_cross,
          dreamdust_ecumenical_altar_statues

Action                   || total
-------------------------++-------
Melee: Short sword       ||    21
Invok: Foxfire Swarm     ||     2
Armor: Robe              ||     2
Dodge: Dodged            ||     9

Table legend: (Time is in decaauts)
 A = Elapsed time spent in this place.
 B = Non-inter-level travel time spent in this place.
 C = Inter-level travel time spent in this place.
 D = Time resting spent in this place.
 E = Time spent auto-exploring this place.
 F = Levels seen in this place.
 G = Mean time per level.
                   A        B        C        D        E       F      G
               +--------+--------+--------+--------+--------+-----+--------+
         Total |    530 |    530 |      0 |    344 |    115 |   1 |  530.0 |
       Dungeon |    530 |    530 |      0 |    344 |    115 |   1 |  530.0 |
               +--------+--------+--------+--------+--------+-----+--------+

Top non-repeatable levels by time:
     D:1: 530 daAuts
